 Dungeon Crawl Stone Soup version 0.30-a0-476-g330ca2eb8e (webtiles) character file.

Game seed: 470162475221787591

112 tilp the Shield-Bearer (level 5, -17/46 HPs)
             Began as a Meteoran Fighter on Dec 21, 2022.
             Demolished by an ogre
             ... wielding a +0 giant club
              (30 damage)
             ... on level 5 of the Dungeon.
             The game lasted 00:03:08 (496 turns).

tilp the Shield-Bearer (Meteoran Fighter)            Turns: 496, Time: 00:03:08

Health: -17/46     AC:  8    Str: 18    XL:     5   Next: 40%
Magic:  6/6        EV: 10    Int:  9    God:
Gold:   22         SH:  5    Dex: 15    Spells: 4/4 levels left

rFire   . . .      SeeInvis .    a - +0 long sword
rCold   . . .      Faith    .    c - +0 buckler
rNeg    . . .      Spirit   .    b - +0 scale mail
rPois   .          Reflect  .    j - +0 helmet
rElec   .          Harm     .    (no cloak)
rCorr   .          Rampage  .    (no gloves)
Will    +....                    (no boots)
Stlth   ..........               (no amulet)
HPRegen 0.27/turn                e - ring of willpower
MPRegen 0.10/turn                (no ring)

@: glowing
A: sense surroundings 1, otherworldly, glowing, explore regen
a: no special abilities


You were on level 5 of the Dungeon.
You visited 1 branch of the dungeon, and saw 5 of its levels.

You collected 22 gold pieces.

Inventory:

Hand Weapons
 a - a +0 long sword (weapon)
Missiles
 d - 6 poisoned darts (quivered)
 m - 9 stones
Armour
 b - a +0 scale mail (worn)
 c - a +0 buckler (worn)
 j - a +0 helmet (worn)
Jewellery
 e - a ring of willpower (left hand)
Wands
 n - a wand of flame (21)
Scrolls
 g - a scroll of torment {unknown}
 h - a scroll of teleportation {unknown}
 l - a scroll of identify {unknown}
 o - 2 scrolls of amnesia {unknown}
 p - a scroll of enchant weapon {unknown}
Potions
 f - 2 potions of curing {unknown}
 i - a potion of attraction {unknown}
 k - a potion of brilliance {unknown}


   Skills:
 + Level 3.7 Fighting
 + Level 3.3 Long Blades
 - Level 4.0 Armour
 * Level 3.0 Dodging
 + Level 1.1 Stealth
 - Level 4.0 Shields


You had 4 spell levels left.
You didn't know any spells.
Your spell library was empty.

Dungeon Overview and Level Annotations

Branches:
Dungeon (5/15) Zot: 2464
 Temple: D:4-7

Altars:
Ru
Xom


Innate Abilities, Weirdness & Mutations

You passively map a small area around you.
You are easily found by Zot.
You glow in the dark.
You regain HP and MP as you explore.


Message History

No target in view!
Things that are here:
a jackal corpse; a jackal corpse
There is a stone staircase leading down here.
You climb downwards.
HP restored.
There is a stone staircase leading up here.
Unknown command.
Found a scroll labelled QUTAYMOI QABLI.
Found a wand of flame (12).
p - a scroll labelled QUTAYMOI QABLI
Found a sacrificial altar of Ru.
Found a stone staircase leading down.
n - a wand of flame (21) (gained 12 charges)
A white imp comes into view.
The white imp shouts!
An ogre comes into view. It is wielding a +0 giant club.
The ogre shouts!
The white imp gestures at you. The puff of frost hits you!
There is a stone staircase leading down here.
Okay, then.
You slash the white imp!
The white imp is almost dead.
The white imp barely misses you.
You hit the white imp but do no damage.
The white imp is almost dead.
The white imp gestures at you. You block the puff of frost.
You slash the white imp!
You kill the white imp!
Your Dodging skill increases to level 3!
You hit the ogre but do no damage.
The ogre hits you with a +0 giant club!!
Ouch! That really hurt!
* * * LOW HITPOINT WARNING * * *
You closely miss the ogre. The ogre closely misses you.
You barely miss the ogre.
The ogre hits you with a +0 giant club!!
Ouch! That really hurt!
You die...

*### * ..* #. ### ###
* ###.##.#####.# #.#
,.......>O@##.# #.# *
#######.#.##.#####.#
#............###
#.#.##........<#
.......#......### ,
≈≈≈≈≈..###.##...#*
..≈≈≈≈≈≈.....#......,*
8...._≈≈...........#.
* ,
..≈≈≈≈≈≈.#####.#.....#


You could see an ogre.

Vanquished Creatures
  Jessica (D:3)
  Robin (D:2)
  2 adders
  A white imp (D:5)
  2 worms
  2 dart slugs (D:3)
  2 endoplasms
  A giant cockroach (D:3)
  10 goblins
  5 hobgoblins
  4 jackals (D:4)
  2 quokkas
  A ball python (D:3)
  3 kobolds (D:3)
  2 rats
39 creatures vanquished.

Notes
Turn   | Place    | Note
-------+----------+-------------------------------------------
     0 | D:1      | tilp the Meteoran Fighter began the quest for the Orb.
     0 | D:1      | Reached XP level 1. HP: 19/19 MP: 2/2
    41 | D:2      | Noticed Robin
    56 | D:2      | Reached XP level 2. HP: 22/26 MP: 3/3
   134 | D:2      | Reached skill level 1 in Dodging
   143 | D:2      | Killed Robin
   144 | D:2      | Reached XP level 3. HP: 21/31 MP: 4/4
   230 | D:3      | Reached XP level 4. HP: 38/38 MP: 5/5
   235 | D:3      | Found a shimmering altar of Xom.
   271 | D:3      | Noticed Jessica
   281 | D:3      | Killed Jessica
   319 | D:3      | Reached skill level 1 in Stealth
   319 | D:3      | Reached XP level 5. HP: 30/45 MP: 6/6
   469 | D:5      | Entered Level 5 of the Dungeon
   480 | D:5      | Found a sacrificial altar of Ru.
   487 | D:5      | Noticed an ogre
   496 | D:5      | Demolished by an ogre

Illustrated notes

Levels and vault maps discovered:
D:1:      minmay_arrival_open_corners, layout_basic,
          hellmonk_ecumenical_altar_pennies_from_heaven, serial_shops, shop
D:2:      layout_basic, lemuel_flame_loot_1, uniq_robin
D:3:      layout_loops_corners, tgw_xom, minmay_quantized, uniq_jessica
D:4:      layout_loops_ring, nzn_hepliaklqana_mist_gate,
          kennysheep_generic_room_8, uniq_crazy_yiuf_cottage, uniq_ijyb
D:5:      layout_basic, nicolae_dithmenos_the_darkroom, kennysheep_mini_moat,
          mainiacjoe_overflow_catwalk, minmay_temple_entry_junction_2,
          uniq_blork_the_orc, uniq_duvessa

Skill      XL: |  1  2  3  4  5 |
---------------+----------------+-----
Dodging        | 1 2 3 |  3.0
Long Blades    | 3 |  3.3
Armour         | 4 |  4.0
Shields        | 4 |  4.0
Stealth        | 1 |  1.1
Fighting       | |  3.7

Action                   |  1- 3 |  4- 6 || total
-------------------------+-------+-------++-------
Melee: Long sword        |    55 |    70 ||   125
  Use: Potion            |     1 |       ||     1
Armor: Scale mail        |    29 |    30 ||    59
Dodge: Dodged            |    19 |    26 ||    45
Block: Buckler           |    14 |    14 ||    28

Table legend: (Time is in decaauts)
 A = Elapsed time spent in this place.
 B = Non-inter-level travel time spent in this place.
 C = Inter-level travel time spent in this place.
 D = Time resting spent in this place.
 E = Time spent auto-exploring this place.
 F = Levels seen in this place.
 G = Mean time per level.
                   A        B        C        D        E       F      G
               +--------+--------+--------+--------+--------+-----+--------+
         Total |    533 |    517 |     16 |      0 |      0 |   5 |  106.6 |
       Dungeon |    533 |    517 |     16 |      0 |      0 |   5 |  106.6 |
               +--------+--------+--------+--------+--------+-----+--------+

Top non-repeatable levels by time:
     D:3: 224 daAuts
     D:2: 149 daAuts
     D:4: 98 daAuts
     D:1: 33 daAuts
     D:5: 28 daAuts
